 Dungeon Crawl Stone Soup version 0.21.1-1-g345015f (webtiles) character file.

58 Monsterracer the Magician (level 3, 0/19 HPs)
             Began as a Deep Elf Wizard on June 5, 2018.
             Succumbed to an adder's poison
             ... on level 2 of the Dungeon.
             The game lasted 00:06:40 (1304 turns).

Monsterracer the Magician (Deep Elf Wizard)         Turns: 1304, Time: 00:06:40

Health: 0/19       AC:  2    Str:  9    XL:     3   Next: 76%
Magic:  10/10      EV: 13    Int: 23    God:
Gold:   19         SH:  0    Dex: 13    Spells: 1/10 levels left

rFire    . . .     SeeInvis .   e - +0 mace
rCold    . . .     Gourm    .   (no shield)
rNeg     . . .     Faith    .   a - +0 robe
rPois    .         Spirit   .   b - +0 hat
rElec    .         Reflect  .   (no cloak)
rCorr    .         Harm     .   (no gloves)
MR       .....                  (no boots)
Stlth    ++........             (no amulet)
HPRegen  0.06/turn              (no ring)
MPRegen  0.12/turn              (no ring)

@: mighty, lethally poisoned (0 -> -6)
A: no striking features
a: no special abilities


You were on level 2 of the Dungeon.
You were not hungry.

You visited 1 branch of the dungeon, and saw 2 of its levels.

You collected 19 gold pieces.

Inventory:

Hand Weapons
 e - a +0 mace (weapon)
Armour
 a - a +0 robe (worn)
 b - a +0 hat (worn)
Scrolls
 f - a scroll of amnesia {unknown}
 g - a scroll of fear {unknown}
 h - a scroll of fog {unknown}
 i - a scroll of teleportation {unknown}
 j - a scroll of remove curse {unknown}
Comestibles
 c - 3 rations


   Skills:
 - Level 2.4 Dodging
 - Level 2.4 Stealth
 - Level 4.4 Spellcasting
 + Level 4.1 Conjurations
   Level 1.1 Summonings
 - Level 1.1 Translocations


You had one spell level left.
You knew the following spells:

 Your Spells              Type           Power        Failure   Level  Hunger
a - Magic Dart            Conj           ###.         1%          1    None
b - Conjure Flame         Conj/Fire      ##......     13%         3    ##.....
c - Mephitic Cloud        Conj/Pois/Air  ##......     17%         3    ##.....
e - Blink                 Tloc           N/A          10%         2    None


Dungeon Overview and Level Annotations

Branches:
Dungeon (2/15)

Altars:


Message History

The frilled lizard hisses angrily.
A dart slug comes into view.
There is an open door here.
The adder misses you.
Casting: Magic Dart
Confirm with . or Enter, or press ? or * to list all spells.
Aiming: Magic Dart
Press: ? - help, Shift-Dir - straight line, f - adder
Aim: an adder The magic dart hits the adder.
The adder is heavily wounded.
The adder barely misses you.
You now have 3/10 mp.
Casting: Magic Dart
Confirm with . or Enter, or press ? or * to list all spells.
Aiming: Magic Dart
Press: ? - help, Shift-Dir - straight line, f/p - adder
Aim: an adder (heavily wounded)
The magic dart hits the adder.
The adder is heavily wounded.
The adder misses you.
You now have 2/10 mp.
Casting: Magic Dart
Confirm with . or Enter, or press ? or * to list all spells.
Aiming: Magic Dart
Press: ? - help, Shift-Dir - straight line, f/p - adder
Aim: an adder (heavily wounded)
The magic dart hits the adder.
The adder is severely wounded.
The adder barely misses you.
You now have 1/10 mp.
Casting: Magic Dart
Confirm with . or Enter, or press ? or * to list all spells.
Aiming: Magic Dart
Press: ? - help, Shift-Dir - straight line, f/p - adder
Aim: an adder (severely wounded)
The magic dart hits the adder.
The adder is almost dead.
The adder bites you.
You are poisoned.
The adder poisons you! The adder bites you.
You are lethally poisoned!
The adder poisons you!
You take 5 damage, and have 12/19 hp.
MASSIVE DAMAGE!!
You now have 0/10 mp.
It was a potion of heal wounds.
You feel much better.
You feel sick. The adder bites you.
Okay, then.
Casting: Magic Dart
Confirm with . or Enter, or press ? or * to list all spells.
Okay, then.
You feel sick.
You see here a jackal skeleton.
You take 1 damage, and have 12/19 hp.
Unknown command.
You feel sick. The adder bites you.
* * * LOW HITPOINT WARNING * * *
You take 3 damage, and have 9/19 hp.
Casting: Magic Dart
Confirm with . or Enter, or press ? or * to list all spells.
Aiming: Magic Dart
Press: ? - help, Shift-Dir - straight line, f/p - adder
Aim: an adder (almost dead)
The magic dart hits the adder.
You kill the adder!
Your Conjurations skill increases to level 4!
* * * LOW HITPOINT WARNING * * *
You feel sick.
You take 1 damage, and have 8/19 hp.
You now have 0/10 mp.
Unknown command.
It was a potion of might.
You feel very mighty all of a sudden.
* * * LOW HITPOINT WARNING * * *
You feel sick. The frilled lizard bites you.
* * * LOW HITPOINT WARNING * * *
You take 3 damage, and have 5/19 hp.
It was a potion of magic.
Magic courses through your body. The frilled lizard closely misses you.
MP restored: 10 You sock the frilled lizard!
You kill the frilled lizard!
* * * LOW HITPOINT WARNING * * *
You feel sick.
You take 1 damage, and have 4/19 hp.
* * * LOW HITPOINT WARNING * * *
You feel sick.
Things that are here:
an adder corpse; a jackal skeleton You take 1 damage, and have 3/19 hp.
* * * LOW HITPOINT WARNING * * *
You feel sick.
You take 1 damage, and have 2/19 hp.
You aren't carrying any potions.
* * * LOW HITPOINT WARNING * * *
You feel sick.
You take 1 damage, and have 1/19 hp.
There is an open door here.
* * * LOW HITPOINT WARNING * * *
You feel sick.
You take 1 damage, and have 1/19 hp.
You die...

........#
........#
...?...w#
........#
....=.# ....#
#..####+##
#........#
#..@†....# ###
#........# #..
#........# #.#
#..%.....# #.#
###.###'## #.#
#.. #.# #..
...
#.############
....
#....†.......#
....
############.#


You could see a dart slug (wandering).

Vanquished Creatures
  An adder (D:2)
  A dart slug (D:1)
  A leopard gecko (D:1)
  3 bats
  5 giant cockroaches (D:1)
  4 goblins
  5 hobgoblins (D:1)
  8 jackals
  A ball python (D:1)
  2 frilled lizards
  4 kobolds
  5 rats (D:1)
40 creatures vanquished.

Notes
Turn   | Place    | Note
-------+----------+-------------------------------------------
     0 | D:1      | Monsterracer the Deep Elf Wizard began the quest for the Orb.
     0 | D:1      | Reached XP level 1. HP: 10/10 MP: 7/7
    41 | D:1      | HP: 5/10 [giant cockroach (1)]
    94 | D:1      | HP: 5/10 [bat (1)]
   108 | D:1      | HP: 3/10 [jackal (2)]
   115 | D:1      | Reached XP level 2. HP: 5/15 MP: 0/9
   116 | D:1      | HP: 3/15 [jackal (2)]
   311 | D:1      | Learned a level 2 spell: Blink
   653 | D:1      | Reached XP level 3. HP: 14/19 MP: 5/10
   655 | D:1      | HP: 6/19 [hobgoblin (5)]
   661 | D:1      | Learned a level 3 spell: Conjure Flame
   665 | D:1      | Learned a level 3 spell: Mephitic Cloud
  1289 | D:2      | HP: 9/19 [adder (2)]
  1293 | D:2      | HP: 4/19 [poisoned by an adder]
  1298 | D:2      | HP: 1/19 [poisoned by an adder]
  1304 | D:2      | Succumbed to an adder's poison

Skill      XL: |  1  2  3 |
---------------+----------+-----
Conjurations   | 2 3 4 |  4.1
Dodging        | |  2.4
Stealth        | |  2.4
Spellcasting   | |  4.4
Summonings     | |  1.1
Translocations | |  1.1

Action                   || total
-------------------------++-------
Melee: Mace              ||     7
 Cast: Magic Dart        ||    87
  Use: Potion            ||     3
  Eat: Chunk             ||     1
Armor: Robe              ||     4
Dodge: Dodged            ||    37

Vault maps used:
D:1:      erik_arrival_cave_to_civilisation
D:2:      overflow_temple_1_default, st_stairs_6
